 Dungeon Crawl Stone Soup version 0.26.0-45-g9c1d065592 (webtiles) character file.

Game seed: 7929107728805186841

(classic levelgen) 212 thiole the Stinger (level 5, -2/34 HPs)
             Began as an Octopode Venom Mage on Jan 30, 2021.
             Slain by an iguana (14 damage)
             ... on level 5 of the Dungeon.
             The game lasted 00:05:50 (3196 turns).

thiole the Stinger (Octopode Venom Mage)            Turns: 3196, Time: 00:05:51

Health: -2/34      AC:  1    Str:  8    XL:     5   Next: 89%
Magic:  1/8        EV: 14    Int: 20    God:
Gold:   303        SH:  0    Dex: 12    Spells: 1/8 levels left

rFire    . . .     SeeInvis .   (no weapon)
rCold    . . .     Faith    .   (no shield)
rNeg     . . .     Spirit   .   (helmet restricted)
rPois    .         Reflect  .   (no amulet)
rElec    .         Harm     .   (no ring)
rCorr    .         Rampage  .   (no ring)
Will     .....                  (no ring)
Stlth    +++.......             (no ring)
HPRegen  0.11/turn              (no ring)
MPRegen  0.11/turn              (no ring)
                                (no ring)
                                (no ring)

@: no status effects
A: almost no armour, stealthy swim, amphibious, 8 rings, constrict 8, camouflage
1, clever 1, screaming 1, gelatinous body 1
a: no special abilities


You were on level 5 of the Dungeon.
You visited 1 branch of the dungeon, and saw 5 of its levels.

You collected 303 gold pieces.

Inventory:

Missiles
 g - 21 poisoned darts
 h - 53 stones
Jewellery
 l - a +6 ring of dexterity {unknown}
Scrolls
 b - a scroll of teleportation
 d - 3 scrolls of remove curse {unknown}
 f - 4 scrolls of identify {unknown}
 k - a scroll of enchant weapon {unknown}
Potions
 a - 4 potions of mutation
 i - 2 potions of cancellation {unknown}
 j - a potion of might {unknown}
 m - 2 potions of attraction {unknown}


   Skills:
 - Level 2.0 Fighting
 - Level 4.0 Dodging
 - Level 2.6 Stealth
 - Level 2.0 Spellcasting
 - Level 1.0 Transmutations
 + Level 2.0 Air Magic
 - Level 5.0 Poison Magic


You had one spell level left.
You knew the following spells:

 Your Spells              Type           Power        Failure   Level
a - Sting                 Tmut/Pois      56%          4%          1
b - Mephitic Cloud        Conj/Pois/Air  11%          19%         3
c - Ignite Poison         Fire/Tmut/Pois 10%          21%         3

Your spell library contained the following spells:

 Spells                   Type           Power        Failure   Level
 Poisonous Vapours        Pois/Air       32%          5%          2
 Olgreb's Toxic Radiance  Pois           22%          21%         4


Dungeon Overview and Level Annotations

Branches:
Dungeon (5/15)
 Temple: D:4-7

Altars:

Shops:
D:4 (

Annotations:
D:3 Sigmund


Innate Abilities, Weirdness & Mutations

You cannot wear most types of armour.
You are very stealthy in the water. (Stealth+)
You are amphibious.
You can wear up to eight rings at the same time.
You can use your tentacles to constrict eight enemies at once.
Your skin changes colour to match your surroundings (Stealth+).
Your rubbery body absorbs attacks. (AC +1, EV +1)
Your mind is acute. (Int +2)
You occasionally shout uncontrollably at your foes.


Message History

You constrict the iguana. The iguana barely misses you.
Casting: Sting (safe; 4% risk of failure)
Confirm with . or Enter, or press ? or * to list all spells.
Aiming: Sting (safe; 4% risk of failure)
Press: ? - help, Shift-Dir - straight line, f - iguana
Aim: an iguana (lightly wounded, constricted by you, 0% to evade)
The sting hits the iguana.
The iguana is poisoned.
The iguana is moderately wounded.
You constrict the iguana, but do no damage.
The iguana bites you.
Casting: Sting (safe; 4% risk of failure)
Confirm with . or Enter, or press ? or * to list all spells.
Aiming: Sting (safe; 4% risk of failure)
Press: ? - help, Shift-Dir - straight line, f/p - iguana
Aim: an iguana (moderately wounded, constricted by you, poisoned, 0% to evade)
The sting hits the iguana but does no damage.
The iguana looks even sicker.
The iguana is moderately wounded.
You constrict the iguana. The iguana bites you!
You die...

.......5...
.?..........
........... ≈#.....#
........... ≈≈≈≈≈≈≈
...........
###.....###.#.........
........... #.........
...........##†.Z......
#......##..l@#####.
#....##...###
#.<...### ##...##
#.### #.# #.. ... ...


You could see an iguana (very poisoned) and a bullfrog zombie.

Vanquished Creatures
  A bullfrog (D:4)
  A hound (D:5)
  A worker ant (D:4)
  5 adders
  5 worms
  2 dart slugs
  A leopard gecko (D:3)
  2 orcs
  A giant cockroach (D:1)
  5 jackals
  2 kobolds
  A quokka (D:4)
  3 bats
  A frilled lizard (D:2)
  A goblin (D:1)
  3 rats
35 creatures vanquished.

Notes
Turn   | Place    | Note
-------+----------+-------------------------------------------
     0 | D:1      | thiole the Octopode Venom Mage began the quest for the Orb.
     0 | D:1      | Reached XP level 1. HP: 11/11 MP: 3/3
   678 | D:2      | Reached skill level 4 in Poison Magic
   732 | D:2      | Reached skill level 1 in Fighting
   732 | D:2      | Reached XP level 2. HP: 18/18 MP: 0/5
   957 | D:2      | Reached XP level 3. HP: 22/24 MP: 1/6
  2052 | D:3      | Reached skill level 5 in Poison Magic
  2095 | D:3      | Found a faded altar of an unknown god.
  2184 | D:3      | Reached XP level 4. HP: 29/29 MP: 5/7
  2444 | D:3      | Noticed Sigmund
  2463 | D:3      | Learned a level 3 spell: Mephitic Cloud
  2467 | D:3      | Learned a level 3 spell: Ignite Poison
  2488 | D:4      | Noticed a bullfrog
  2499 | D:4      | Gained mutation: You occasionally shout uncontrollably at
                  | your foes. [potion of mutation]
  2499 | D:4      | Gained mutation: Your mind is acute. (Int +2) [potion of
                  | mutation]
  2505 | D:4      | Killed a bullfrog
  2505 | D:4      | Found Ofudonof's Antique Weapon Emporium.
  2506 | D:4      | Reached XP level 5. HP: 18/34 MP: 1/8
  2882 | D:4      | Noticed an ogre
  2947 | D:4      | Reached skill level 1 in Air Magic
  3180 | D:5      | Entered Level 5 of the Dungeon
  3196 | D:5      | Slain by an iguana

Illustrated notes

Levels and vault maps discovered:
D:1:      dpeg_arrival_orchard, layout_basic
D:2:      layout_basic
D:3:      layout_basic, chequers_ecumenical_altar_simple,
          uniq_crazy_yiuf_cottage, uniq_sigmund
D:4:      layout_cave_pools, serial_shops, nicolae_shop_trees, shop
D:5:      layout_cave_pods, minmay_temple_entry_water_ring, minmay_manual_maat,
          uniq_grinder

Skill      XL: |  1  2  3  4  5 |
---------------+----------------+-----
Poison Magic   | 4 5 |  5.0
Fighting       | 1 2 |  2.0
Dodging        | 3 4 |  4.0
Air Magic      | 2 |  2.0
Stealth        | |  2.6
Spellcasting   | |  2.0
Transmutations | |  1.0

Action                   |  1- 3 |  4- 6 || total
-------------------------+-------+-------++-------
Melee: Unarmed           |    21 |    19 ||    40
       Constrict         |     7 |     8 ||    15
       Tentacles         |     5 |     3 ||     8
 Cast: Sting             |    48 |    36 ||    84
       Mephitic Cloud    |       |     2 ||     2
  Use: Potion            |       |     4 ||     4
       Scroll            |       |     3 ||     3
 Stab: Confused          |       |     1 ||     1
Armor: Skin              |     2 |     3 ||     5
Dodge: Dodged            |    30 |    47 ||    77
